Construct Medical Station
Selects Airborne Battlegroup
Selects Smoke Bombing Run
Selects Paratrooper Squad Paradrop
Paratrooper Squad Paradrop
Construct Weapon Support Center
Paratrooper Squad Paradrop
Selects Dual P-47 Rocket Strike
Advanced Air Reconnaissance
Grasshopper High-Altitude Recon Run
Grasshopper High-Altitude Recon Run
Grasshopper High-Altitude Recon Run
Grasshopper High-Altitude Recon Run
Paratrooper Squad Paradrop
Grasshopper High-Altitude Recon Run
Selects Anti-tank Gun Team Paradrop
Anti-tank Gun Team Paradrop
Grasshopper High-Altitude Recon Run